 Dungeon Crawl Stone Soup version 0.22-a0-271-gc000056 (webtiles) character file.

60110 tidbits the Martial Artist (level 14, -9/109 HPs)
             Began as a Gnoll Transmuter on Mar 11, 2018.
             Was a Priest of Cheibriados.
             Killed from afar by a deep elf annihilator (26 damage)
             ... with a bolt of lightning
             ... on level 3 of the Elven Halls.
             The game lasted 01:43:01 (5848 turns).

tidbits the Martial Artist (Gnoll Transmuter)       Turns: 5848, Time: 01:43:02

Health: -9/109     AC: 20    Str: 20    XL:     14   Next: 98%
Magic:  14/28      EV: 22    Int: 24    God:    Cheibriados [***...]
Gold:   1247       SH:  0    Dex: 23    Spells: 12/34 levels left

rFire    . . .     SeeInvis .     - Unarmed
rCold    + . .     Gourm    .   (shield currently unavailable)
rNeg     . . .     Faith    .   B - +1 scale mail of Amelioration {Regen+}
rPois    .         Spirit   .   E - +1 helmet
rElec    .         Reflect  .   (no cloak)
rCorr    .         Harm     .   (gloves currently unavailable)
MR       +++..     Rnd*Rage +   (no boots)
Stlth    +++.......             W - necklace of Bloodlust {*Rage +Rage MR++ Int-3 Slay+6 *Curse}
HPRegen  0.68/turn              Q - ring of Robustness {AC+8}
MPRegen  0.21/turn              V - +3 ring of evasion

@: blade hands, berserk cooldown, slowed, very slow
A: distributed training, fangs 1, cold resistance 1, wild magic 1, strong nose
a: End Transformation, Bend Time, Temporal Distortion, Renounce Religion, Evoke
Berserk Rage


You were on level 3 of the Elven Halls.
You worshipped Cheibriados.
Cheibriados was most pleased with you.
You were not hungry.
You had blades for hands.
You visited 4 branches of the dungeon, and saw 17 of its levels.
You also visited: Ossuary and Ice Cave.

You collected 2688 gold pieces.
You spent 1441 gold pieces at shops.

Inventory:

Hand Weapons
 a - a +2 dagger of venom
   (You found it on level 3 of the Elven Halls)
 b - the +3 sling "Punk" (melded) {acid, rCorr}
   (You found it on level 9 of the Dungeon)

   It protects you from acid and corrosion.
 e - a +6 war axe of chopping
   (You found it on level 3 of the Elven Halls)
 i - a +0 blowgun
 n - a +0 trident of distortion
   (You took it off an orc priest on level 1 of the Orcish Mines)
 N - the +10 zealot's sword {holy, *Rage rN+ EV+3}
   (You found it on level 9 of the Dungeon)

   It has been blessed by the Shining One to cause great damage to the undead
   and demons.
   It affects your evasion (+3).
   It protects you from negative energy.
   It may make you go berserk in combat.
Missiles
 f - 26 sling bullets
 h - 3 tomahawks of dispersal {!f}
 o - 5 poisoned javelins
 q - 171 stones
 t - 206 arrows
 M - 2 tomahawks of returning (quivered)
Armour
 k - the cursed +1 leather armour of Gallantry {Str+5, unknown}
   (You took it off a deep elf mage on level 3 of the Elven Halls)

   It affects your strength (+5).
   It has a curse placed upon it.
 v - a +0 troll leather armour
 z - the +0 scale mail of Vedool {rF+ rC+ Int-5 SInv}
   (You took it off a wight on level 9 of the Dungeon)

   It affects your intelligence (-5).
   It protects you from fire.
   It protects you from cold.
   It lets you see invisible.
 B - the +1 scale mail of Amelioration (worn) {Regen+}
   (You found it on level 9 of the Dungeon)

   It increases your rate of regeneration.
 E - a +1 helmet (worn)
 G - a +0 pair of gloves (melded)
Magical Staves
 J - an uncursed staff of earth
   (You found it on level 3 of the Elven Halls)
 O - an uncursed staff of wizardry {!a}
   (You found it on level 8 of the Dungeon)
Jewellery
 u - the ring "Wienadut" {rElec MR- Int+3 Dex+3 Stlth+}
   (You took it off a deep elf mage on level 3 of the Elven Halls)

   [ring of dexterity]

   It affects your intelligence (+3).
   It affects your dexterity (+3).
   It insulates you from electricity.
   It affects your resistance to hostile enchantments.
   It makes you more stealthy.
 C - an uncursed ring of protection from fire
   (You found it on level 9 of the Dungeon)
 H - the ring "Fablis" {+Fly MR+ Str+3}
   (You found it in an ice cave)

   [ring of flight]

   It affects your strength (+3).
   It affects your resistance to hostile enchantments.
   It lets you fly.
 I - an uncursed ring of see invisible
   (You took it off a deep elf mage on level 3 of the Elven Halls)
 K - an uncursed ring of resist corrosion
   (You found it in an ice cave)
 P - an uncursed ring of poison resistance
   (You found it on level 6 of the Dungeon)
 Q - the ring of Robustness (left scythe-like blade) {AC+8}
   (You found it on level 8 of the Dungeon)

   [ring of protection]

   It affects your AC (+8).
 V - a +3 ring of evasion (right scythe-like blade)
   (You found it on level 8 of the Dungeon)
 W - the necklace of Bloodlust (around neck) {*Rage +Rage MR++ Int-3 Slay+6 *Curse}
   (You bought it in a shop on level 2 of the Orcish Mines)

   [amulet of rage]

   It affects your intelligence (-3).
   It affects your accuracy and damage with ranged weapons and melee attacks
   (+6).
   It affects your resistance to hostile enchantments.
   It lets you go berserk.
   It may make you go berserk in combat.
   It curses itself when equipped.
 Y - a +3 ring of slaying
   (You found it on level 5 of the Dungeon)
Wands
 p - a wand of paralysis (20)
 L - a wand of enslavement (26)
 S - a wand of flame (38)
Scrolls
 d - 4 scrolls of amnesia
 g - 2 scrolls of immolation
 j - 11 scrolls of enchant weapon
 w - 5 scrolls of teleportation
 R - a scroll of summoning
 T - a scroll of holy word
Potions
 l - 2 potions of flight
 s - a potion of cancellation
 A - 2 potions of resistance
 D - 2 potions of brilliance
 U - 3 potions of curing
Miscellaneous
 m - a lamp of fire
 r - a phantom mirror
 x - a box of beasts
Comestibles
 c - 23 rations


   Skills:
 + Level 9.8 Fighting
 + Level 9.5 Short Blades
 + Level 9.5 Long Blades
 + Level 9.5 Axes
 + Level 9.5 Maces & Flails
 + Level 9.5 Polearms
 + Level 9.5 Staves
 + Level 9.5 Slings
 + Level 9.5 Bows
 + Level 9.5 Crossbows
 + Level 9.5 Throwing
 + Level 9.5 Armour
 + Level 10.5 Dodging
 + Level 9.5 Stealth
 + Level 9.5 Shields
 + Level 11.3 Unarmed Combat
 + Level 10.7 Spellcasting
 + Level 7.9 Conjurations
 + Level 7.9 Hexes
 + Level 7.9 Charms
 + Level 7.9 Summonings
 + Level 7.9 Necromancy
 + Level 7.9 Translocations
 + Level 8.9 Transmutations
 + Level 7.9 Fire Magic
 + Level 7.9 Ice Magic
 + Level 7.9 Air Magic
 + Level 7.9 Earth Magic
 + Level 7.9 Poison Magic
 + Level 10.3 Invocations
 + Level 9.5 Evocations


You had 12 spell levels left.
You knew the following spells:

 Your Spells              Type           Power        Failure   Level  Hunger
e - Beastly Appendage     Tmut           ######       14%         1    None
h - Blade Hands           Tmut           ######....   52%         5    ####...
i - Ice Form              Ice/Tmut       ######..     36%         4    None
k - Sticks to Snakes      Tmut           ######..     17%         2    None
p - Spider Form           Tmut/Pois      ######....   22%         3    None
r - Regeneration          Chrm/Necr      ######....   24%         3    None
O - Olgreb's Toxic Radia  Pois           ######..     38%         4    None


Dungeon Overview and Level Annotations

Branches:
Dungeon (11/15)            Temple (1/1) D:4             Orc (2/2) D:11
    Elf (3/3) Orc:2
   Lair: D:8-11

Altars:
Ashenzari
Cheibriados
Dithmenos
Kikubaaqudgha
Makhleb
Nemelex Xobeh
Okawaru
Qazlal
Ru
Trog
Uskayaw
Vehumet
Xom
Yredelemnul
The Shining One
Jiyva

Shops:
Orc:2 *([=

Annotations:
D:3 Rp1's ghost, weakling HaHu


Innate Abilities, Weirdness & Mutations

Your experience applies equally to all skills.
You have very sharp teeth.
Your uncanny sense of smell can sniff out nearby items.
Your flesh is cold resistant. (rC+)
Your spells are a little harder to cast, but a little more powerful.


Message History

8 arrows; a dagger; a leather armour; a chunk of flesh Eat a chunk of flesh? (ye/n/q)
You eat the chunk of flesh.
This raw flesh tastes terrible.
A deep elf elementalist comes into view.
It is wielding a long sword.
The deep elf elementalist shouts!
You hear a shout!
The deep elf elementalist casts a spell at you.
The fireball explodes!
The fireball engulfs you!
The deep elf elementalist gestures wildly while chanting.
The deep elf elementalist seems to speed up.
You hear a shout!
Items here: ( ) [ † 2 arrows; a long sword; a plate armour; an elf corpse Firing (i - inventory. (/) - cycle)
f - 27 sling bullets (quivered)
Press: ? - help, Shift-Dir - straight line, f - deep elf elementalist
Aim: a deep elf elementalist, wielding a long sword and wearing a ring mail (fast, repelling missiles)
You shoot a sling bullet. The sling bullet is repelled.
Casting: Regeneration (safe; 2% risk of failure)
Confirm with . or Enter, or press ? or * to list all spells.
Your hands turn into razor-sharp scythe blades.
The +3 sling "Punk" {acid, rCorr} melds into your body.
Your +0 pair of gloves melds into your body.
The +3 sling "Punk" {acid, rCorr} stops oozing corrosive slime.
The deep elf elementalist gestures at you while chanting.
The fireball explodes!
The fireball engulfs you!
* * * LOW HITPOINT WARNING * * *
A red film seems to cover your vision as you go berserk!
Cheibriados protects you from inadvertent hurry.
You feel mighty!
You shred the deep elf elementalist!!!
The necklace of Bloodlust glows a violent red.
You kill the deep elf elementalist!
Cheibriados thoroughly appreciates the change of pace.
Unknown command.
There is an open door, spattered with blood here.
Things that are here:
8 arrows; a dagger; a leather armour You feel a strong urge to attack something.
You are too berserk!
Unknown command.
The deep elf master archer wields a longbow.
The deep elf master archer shoots an arrow.
The arrow closely misses you.
There is an open door, spattered with blood here.
Things that are here:
9 arrows; a dagger; a leather armour You feel your anger nearly subside.
You are no longer berserk.
You are exhausted.
You feel yourself slow down.
Unknown command.
Okay, then.
Unknown command.
Okay, then.
Unknown command.
You warp the flow of time around you!
You feel somewhat more hungry.
Cheibriados lowers the support of your attributes as your movement quickens.
A deep elf annihilator comes into view. It is wielding a long sword.
You warp the flow of time around you!
You feel somewhat more hungry.
Unknown command.
The deep elf annihilator misses you.
The deep elf annihilator gestures at you while chanting.
The bolt of lightning misses you.
There is an open door, spattered with blood here.
Things that are here:
9 arrows; a dagger; a leather armour Unknown command.
Evoke which item? (* to show all) (? for menu, Esc to quit)
Okay, then.
Evoke which item? (* to show all) (? for menu, Esc to quit)
Okay, then.
You shred the deep elf annihilator!!!
The deep elf annihilator is severely wounded.
The deep elf annihilator casts a spell.
The deep elf annihilator blinks!
The deep elf master archer shoots an arrow.
The arrow completely misses you.
Unknown command.
Evoke which item? (* to show all) (? for menu, Esc to quit)
Okay, then.
Okay, then.
Unknown command.
Evoke which item? (* to show all) (? for menu, Esc to quit)
Aiming: Phantom Mirror
Press: ? - help, Dir - move target cursor, f - deep elf master archer
Aim: a deep elf master archer, wielding a longbow and wearing a leather armour You reflect the deep elf master archer with the mirror, and the mirror shatters!
Your deep elf master archer shoots an arrow.
The arrow hits the deep elf master archer!!
The arrow shimmers and vanishes!
The deep elf master archer shoots an arrow.
The arrow hits you!!
* * * LOW HITPOINT WARNING * * *
The deep elf master archer shoots an arrow.
The arrow hits you!
* * * LOW HITPOINT WARNING * * *
Your deep elf master archer shoots an arrow.
The arrow hits the deep elf master archer!!
The arrow shimmers and vanishes!
The deep elf annihilator casts a spell at you.
The bolt of lightning hits you!
You die...

.....##
...............## #....
....##
................## #...
.......###.......## #..
........###.......##
.....⌠..'.##......^#
...... #).##......##
#########..[#..)....#
#}.))([##...#...)...##
#(.))##@###..#........#
#...(##.)§e##.#........#
#e## #..|.e.#.#.⌠))....#
. ###.|.)..'.#....)...##
#='e)..["###...#......
#(#==....####'##....##
#|##)..)##..).##....#
#))###'##....##.....#
#.))##)..)..##.....##


You could see a deep elf master archer, a deep elf annihilator and a friendly
deep elf master archer.

Vanquished Creatures
  2 deep elf blademasters (Elf:3)
  2 deep elf sorcerers (Elf:3)
  An orc warlord (Orc:2)
  A deep elf elementalist (Elf:3)
  4 deep elf demonologists (Elf:3)
  5 deep elf annihilators (Elf:3)
  2 deep elf death magi (Elf:3)
  2 ice dragons (IceCv)
  A two-headed ogre (D:9)
  11 dancing weapons
  3 orc high priests (Orc:2)
  3 deep elf knights
  The ghost of Tovarisch the Changer, a novice NaTm (D:8)
  A death drake (shapeshifter) (Elf:1)
  The ghost of tidbits the Insei, a novice GnTm (D:7)
  5 deep elf archers (Elf:2)
  2 orc knights
  17 deep elf magi
  5 orc sorcerers
  An ugly thing (D:11)
  3 slime creatures (D:8)
  2 manticores
  A guardian serpent (D:9)
  2 ice statues (IceCv)
  2 rime drakes (IceCv)
  3 trolls
  A hornet (D:11)
  2 hippogriffs
  An air elemental (Elf:3)
  12 yaks
  3 water elementals
  A wraith (D:11)
  2 fire elementals
  A hungry ghost (D:9)
  A steam dragon (D:9)
  3 wargs (D:11)
  A water moccasin (D:5)
  An acid dragon (D:11)
  2 sky beasts
  14 ice beasts
  27 orc warriors
  A phantom (D:6)
  A boggart (D:9)
  8 ogres
  8 centaurs
  A crocodile (D:8)
  A gnoll sergeant (Orc:1)
  A bullfrog (D:9)
  An earth elemental (Elf:3)
  A wyvern skeleton (D:11)
  4 scorpions
  2 wights (D:9)
  4 howler monkeys
  5 crimson imps
  3 bullfrog zombies
  6 hounds
  A jelly (D:8)
  16 orc priests
  A centaur zombie (D:10)
  4 bullfrog skeletons
  3 centaur skeletons
  18 orc wizards
  Jessica (D:2)
  An iguana (D:8)
  6 worker ants
  A big kobold zombie (Ossuary)
  3 hound zombies
  6 mummies (Ossuary)
  A hound skeleton (D:11)
  2 worker ant zombies
  A howler monkey zombie (D:11)
  6 adders
  4 gnolls (Orc:1)
  A howler monkey skeleton (D:7)
  6 shadow imps
  2 oozes
  An adder skeleton (D:9)
  3 worms
  2 dart slugs
  5 leopard geckos
  66 orcs
  2 ball pythons (D:2)
  A giant cockroach (D:2)
  2 gnoll zombies (Ossuary)
  7 goblins
  7 hobgoblins
  7 jackals
  13 kobolds
  5 quokkas
  5 bats
  3 frilled lizards
  A hobgoblin zombie (Ossuary)
  A leopard gecko skeleton (D:8)
  2 orc zombies (Ossuary)
  A quokka zombie (D:5)
  7 rats
427 creatures vanquished.

Vanquished Creatures (collateral kills)
  A fire elemental (Elf:3)
  A sky beast (D:11)
  3 ice beasts (IceCv)
  A big kobold (D:7)
  A worker ant (D:5)
  A killer bee zombie (D:7)
  2 mummies (Ossuary)
  A howler monkey zombie (D:9)
  A worm (D:3)
  An orc (D:9)
  A gnoll zombie (Ossuary)
  A quokka (D:7)
  A hobgoblin zombie (Ossuary)
16 creatures vanquished.

Vanquished Creatures (others)
  A slime creature (D:8)
  An orc warrior (Orc:2)
  A howler monkey (D:9)
  A quasit (D:9)
  2 fungi (Orc:2)
  5 plants (D:7)
11 creatures vanquished.

Grand Total: 454 creatures vanquished

Notes
Turn   | Place    | Note
-------+----------+-------------------------------------------
     0 | D:1      | tidbits the Gnoll Transmuter began the quest for the Orb.
     0 | D:1      | Reached XP level 1. HP: 17/17 MP: 6/6
    85 | D:1      | Reached XP level 2. HP: 19/23 MP: 5/7
    89 | D:1      | Learned a level 2 spell: Sticks to Snakes
   264 | D:2      | Noticed Jessica
   277 | D:2      | Reached skill level 5 in Spellcasting
   277 | D:2      | Reached XP level 3. HP: 18/28 MP: 3/9
   287 | D:2      | Killed Jessica
   287 | D:2      | Reached skill level 1 in Short Blades
   287 | D:2      | Reached skill level 1 in Long Blades
   287 | D:2      | Reached skill level 1 in Axes
   287 | D:2      | Reached skill level 1 in Maces & Flails
   287 | D:2      | Reached skill level 1 in Polearms
   287 | D:2      | Reached skill level 1 in Staves
   287 | D:2      | Reached skill level 1 in Slings
   287 | D:2      | Reached skill level 1 in Bows
   287 | D:2      | Reached skill level 1 in Crossbows
   287 | D:2      | Reached skill level 1 in Throwing
   287 | D:2      | Reached skill level 1 in Armour
   287 | D:2      | Reached skill level 1 in Stealth
   287 | D:2      | Reached skill level 1 in Shields
   287 | D:2      | Reached skill level 1 in Invocations
   287 | D:2      | Reached skill level 1 in Evocations
   307 | D:2      | Learned a level 3 spell: Spider Form
   315 | D:2      | Reached XP level 4. HP: 16/34 MP: 0/11
   461 | D:3      | Reached skill level 1 in Conjurations
   461 | D:3      | Reached skill level 1 in Hexes
   461 | D:3      | Reached skill level 1 in Charms
   461 | D:3      | Reached skill level 1 in Summonings
   461 | D:3      | Reached skill level 1 in Necromancy
   461 | D:3      | Reached skill level 1 in Translocations
   461 | D:3      | Reached skill level 1 in Fire Magic
   461 | D:3      | Reached skill level 1 in Ice Magic
   461 | D:3      | Reached skill level 1 in Air Magic
   461 | D:3      | Reached skill level 1 in Earth Magic
   461 | D:3      | Reached skill level 1 in Poison Magic
   471 | D:3      | Noticed Rp1's ghost (weakling HaHu)
   631 | D:2      | Found a stormy altar of Qazlal.
   632 | D:2      | Found a shattered altar of Ashenzari.
   694 | D:3      | Reached XP level 5. HP: 40/40 MP: 8/12
   853 | D:4      | Found a staircase to the Ecumenical Temple.
   899 | Temple   | Entered the Ecumenical Temple
   949 | Temple   | Became a worshipper of Cheibriados the Contemplative
   983 | D:4      | Reached skill level 3 in Fighting
   983 | D:4      | Reached skill level 4 in Transmutations
  1045 | D:4      | Reached skill level 2 in Invocations
  1045 | D:4      | Reached XP level 6. HP: 44/47 MP: 8/13
  1068 | D:5      | Entered Level 5 of the Dungeon
  1106 | D:5      | Found a burning altar of Makhleb.
  1113 | D:5      | Noticed an ice beast
  1138 | D:5      | Reached skill level 2 in Short Blades
  1138 | D:5      | Reached skill level 2 in Long Blades
  1138 | D:5      | Reached skill level 2 in Axes
  1138 | D:5      | Reached skill level 2 in Maces & Flails
  1138 | D:5      | Reached skill level 2 in Polearms
  1138 | D:5      | Reached skill level 2 in Staves
  1138 | D:5      | Reached skill level 2 in Slings
  1138 | D:5      | Reached skill level 2 in Bows
  1138 | D:5      | Reached skill level 2 in Crossbows
  1138 | D:5      | Reached skill level 2 in Throwing
  1138 | D:5      | Reached skill level 2 in Armour
  1138 | D:5      | Reached skill level 5 in Dodging
  1138 | D:5      | Reached skill level 2 in Stealth
  1138 | D:5      | Reached skill level 2 in Shields
  1138 | D:5      | Reached skill level 2 in Evocations
  1156 | D:5      | Reached * piety under Cheibriados
  1187 | D:7      | Noticed a sky beast
  1261 | D:6      | Noticed a phantom
  1269 | D:6      | Learned a level 5 spell: Blade Hands
  1319 | D:5      | Noticed a water moccasin
  1326 | D:5      | Killed a water moccasin
  1326 | D:5      | Reached XP level 7. HP: 52/52 MP: 11/15
  1446 | D:5      | Reached skill level 7 in Unarmed Combat
  1449 | D:5      | Reached skill level 2 in Conjurations
  1449 | D:5      | Reached skill level 2 in Hexes
  1449 | D:5      | Reached skill level 2 in Charms
  1449 | D:5      | Reached skill level 2 in Summonings
  1449 | D:5      | Reached skill level 2 in Necromancy
  1449 | D:5      | Reached skill level 2 in Translocations
  1449 | D:5      | Reached skill level 2 in Fire Magic
  1449 | D:5      | Reached skill level 2 in Ice Magic
  1449 | D:5      | Reached skill level 2 in Air Magic
  1449 | D:5      | Reached skill level 2 in Earth Magic
  1449 | D:5      | Reached skill level 2 in Poison Magic
  1524 | D:5      | Found a sand-covered staircase.
  1538 | Ossuary  | Entered an ossuary
  1755 | D:5      | Reached skill level 3 in Invocations
  1822 | D:4      | Reached XP level 8. HP: 53/60 MP: 16/16
  1890 | D:6      | Reached skill level 4 in Fighting
  1890 | D:6      | Reached skill level 3 in Short Blades
  1890 | D:6      | Reached skill level 3 in Long Blades
  1890 | D:6      | Reached skill level 3 in Axes
  1890 | D:6      | Reached skill level 3 in Maces & Flails
  1890 | D:6      | Reached skill level 3 in Polearms
  1890 | D:6      | Reached skill level 3 in Staves
  1890 | D:6      | Reached skill level 3 in Slings
  1890 | D:6      | Reached skill level 3 in Bows
  1890 | D:6      | Reached skill level 3 in Crossbows
  1890 | D:6      | Reached skill level 3 in Throwing
  1890 | D:6      | Reached skill level 3 in Armour
  1890 | D:6      | Reached skill level 3 in Stealth
  1890 | D:6      | Reached skill level 3 in Shields
  1890 | D:6      | Reached skill level 3 in Evocations
  1931 | D:8      | Reached ** piety under Cheibriados
  1933 | D:8      | Noticed Tovarisch's ghost (novice NaTm)
  1952 | D:7      | Noticed tidbits's ghost (novice GnTm)
  1957 | D:7      | Gained mutation: Your flesh is cold resistant. (rC+) [potion of mutation]
  1957 | D:7      | Gained mutation: Your spells are a little harder to cast, but a little more powerful. [potion of mutation]
  1965 | D:7      | Reached skill level 6 in Spellcasting
  1980 | D:7      | Killed tidbits's ghost
  1980 | D:7      | Reached skill level 3 in Conjurations
  1980 | D:7      | Reached skill level 3 in Hexes
  1980 | D:7      | Reached skill level 3 in Charms
  1980 | D:7      | Reached skill level 3 in Summonings
  1980 | D:7      | Reached skill level 3 in Necromancy
  1980 | D:7      | Reached skill level 3 in Translocations
  1980 | D:7      | Reached skill level 3 in Fire Magic
  1980 | D:7      | Reached skill level 3 in Ice Magic
  1980 | D:7      | Reached skill level 3 in Air Magic
  1980 | D:7      | Reached skill level 3 in Earth Magic
  1980 | D:7      | Reached skill level 3 in Poison Magic
  1980 | D:7      | Reached skill level 4 in Invocations
  1980 | D:7      | Reached XP level 9. HP: 43/66 MP: 10/18
  1990 | D:7      | Reached skill level 6 in Dodging
  1996 | D:7      | Reached skill level 5 in Transmutations
  2039 | D:6      | Found a glowing golden altar of the Shining One.
  2202 | D:7      | Reached *** piety under Cheibriados
  2202 | D:7      | Reached skill level 4 in Short Blades
  2202 | D:7      | Reached skill level 4 in Long Blades
  2202 | D:7      | Reached skill level 4 in Axes
  2202 | D:7      | Reached skill level 4 in Maces & Flails
  2202 | D:7      | Reached skill level 4 in Polearms
  2202 | D:7      | Reached skill level 4 in Staves
  2202 | D:7      | Reached skill level 4 in Slings
  2202 | D:7      | Reached skill level 4 in Bows
  2202 | D:7      | Reached skill level 4 in Crossbows
  2202 | D:7      | Reached skill level 4 in Throwing
  2202 | D:7      | Reached skill level 4 in Armour
  2202 | D:7      | Reached skill level 4 in Stealth
  2202 | D:7      | Reached skill level 4 in Shields
  2202 | D:7      | Reached skill level 4 in Evocations
  2281 | D:8      | Killed Tovarisch's ghost
  2281 | D:8      | Reached skill level 5 in Fighting
  2326 | D:8      | Reached skill level 8 in Unarmed Combat
  2354 | D:8      | Learned a level 4 spell: Ice Form
  2367 | D:8      | Reached skill level 5 in Invocations
  2398 | D:8      | Found a transporter.
  2403 | D:8      | Found a viscous altar of Jiyva.
  2404 | D:8      | Found a transporter.
  2405 | D:8      | Found the ring of Robustness {AC+8}
  2414 | D:8      | Killed a large slime creature
  2414 | D:8      | Reached skill level 7 in Spellcasting
  2414 | D:8      | Reached XP level 10. HP: 65/74 MP: 14/20
  2418 | D:8      | Reached skill level 4 in Conjurations
  2418 | D:8      | Reached skill level 4 in Hexes
  2418 | D:8      | Reached skill level 4 in Charms
  2418 | D:8      | Reached skill level 4 in Summonings
  2418 | D:8      | Reached skill level 4 in Necromancy
  2418 | D:8      | Reached skill level 4 in Translocations
  2418 | D:8      | Reached skill level 4 in Fire Magic
  2418 | D:8      | Reached skill level 4 in Ice Magic
  2418 | D:8      | Reached skill level 4 in Air Magic
  2418 | D:8      | Reached skill level 4 in Earth Magic
  2418 | D:8      | Reached skill level 4 in Poison Magic
  2485 | D:9      | Reached **** piety under Cheibriados
  2647 | D:8      | Reached skill level 5 in Short Blades
  2647 | D:8      | Reached skill level 5 in Long Blades
  2647 | D:8      | Reached skill level 5 in Axes
  2647 | D:8      | Reached skill level 5 in Maces & Flails
  2647 | D:8      | Reached skill level 5 in Polearms
  2647 | D:8      | Reached skill level 5 in Staves
  2647 | D:8      | Reached skill level 5 in Slings
  2647 | D:8      | Reached skill level 5 in Bows
  2647 | D:8      | Reached skill level 5 in Crossbows
  2647 | D:8      | Reached skill level 5 in Throwing
  2647 | D:8      | Reached skill level 5 in Armour
  2647 | D:8      | Reached skill level 5 in Stealth
  2647 | D:8      | Reached skill level 5 in Shields
  2647 | D:8      | Reached skill level 5 in Evocations
  2730 | D:9      | Noticed a guardian serpent
  2747 | D:9      | Killed a guardian serpent
  2747 | D:9      | Reached skill level 7 in Dodging
  2804 | D:10     | Entered Level 10 of the Dungeon
  2845 | D:9      | Reached skill level 6 in Fighting
  2862 | D:9      | Reached skill level 6 in Transmutations
  2862 | D:9      | Reached skill level 6 in Invocations
  2926 | D:9      | Noticed a two-headed ogre
  2930 | D:9      | Killed a two-headed ogre
  2942 | D:9      | Reached ***** piety under Cheibriados
  2946 | D:9      | Reached XP level 11. HP: 65/82 MP: 17/22
  2951 | D:9      | Noticed a manticore
  2953 | D:9      | Killed a manticore
  2961 | D:9      | Learned a level 4 spell: Olgreb's Toxic Radiance
  3030 | D:9      | Found the +10 zealot's sword {holy, *Rage rN+ EV+3}
  3046 | D:9      | Found the +3 sling "Punk" {acid, rCorr}
  3066 | D:9      | Reached skill level 9 in Unarmed Combat
  3068 | D:9      | Got a warped scale mail
  3080 | D:9      | Got a jewelled scale mail
  3120 | D:9      | Identified the cursed +0 scale mail of Vedool {rF+ rC+ Int-5 SInv} (You took it off a wight on level 9 of the Dungeon)
  3131 | D:9      | Identified the cursed +1 scale mail of Amelioration {Regen+} (You found it on level 9 of the Dungeon)
  3187 | D:9      | Reached skill level 6 in Short Blades
  3187 | D:9      | Reached skill level 6 in Long Blades
  3187 | D:9      | Reached skill level 6 in Axes
  3187 | D:9      | Reached skill level 6 in Maces & Flails
  3187 | D:9      | Reached skill level 6 in Polearms
  3187 | D:9      | Reached skill level 6 in Staves
  3187 | D:9      | Reached skill level 6 in Slings
  3187 | D:9      | Reached skill level 6 in Bows
  3187 | D:9      | Reached skill level 6 in Crossbows
  3187 | D:9      | Reached skill level 6 in Throwing
  3187 | D:9      | Reached skill level 6 in Armour
  3187 | D:9      | Reached skill level 6 in Stealth
  3187 | D:9      | Reached skill level 6 in Shields
  3187 | D:9      | Reached skill level 6 in Evocations
  3267 | D:11     | Reached skill level 5 in Conjurations
  3267 | D:11     | Reached skill level 5 in Hexes
  3267 | D:11     | Reached skill level 5 in Charms
  3267 | D:11     | Reached skill level 5 in Summonings
  3267 | D:11     | Reached skill level 5 in Necromancy
  3267 | D:11     | Reached skill level 5 in Translocations
  3267 | D:11     | Reached skill level 5 in Fire Magic
  3267 | D:11     | Reached skill level 5 in Ice Magic
  3267 | D:11     | Reached skill level 5 in Air Magic
  3267 | D:11     | Reached skill level 5 in Earth Magic
  3267 | D:11     | Reached skill level 5 in Poison Magic
  3329 | D:11     | Noticed a green ugly thing
  3340 | D:11     | Reached skill level 8 in Spellcasting
  3344 | D:11     | Noticed a manticore
  3349 | D:11     | Killed a manticore
  3357 | D:11     | Killed a green ugly thing
  3461 | D:11     | Found a staircase to the Orcish Mines.
  3474 | D:11     | Reached skill level 7 in Invocations
  3475 | D:11     | Reached skill level 7 in Fighting
  3475 | D:11     | Reached skill level 8 in Dodging
  3502 | Orc:1    | Entered Level 1 of the Orcish Mines
  3524 | Orc:1    | Noticed an orc sorcerer
  3526 | Orc:1    | Killed an orc sorcerer
  3588 | Orc:1    | Noticed an orc knight
  3597 | Orc:1    | Killed an orc knight
  3597 | Orc:1    | Reached XP level 12. HP: 91/91 MP: 13/24
  3642 | Orc:1    | Found a frozen archway.
  3686 | IceCv    | Entered an ice cave
  3723 | IceCv    | Reached skill level 7 in Transmutations
  3761 | IceCv    | Reached skill level 7 in Short Blades
  3761 | IceCv    | Reached skill level 7 in Long Blades
  3761 | IceCv    | Reached skill level 7 in Axes
  3761 | IceCv    | Reached skill level 7 in Maces & Flails
  3761 | IceCv    | Reached skill level 7 in Polearms
  3761 | IceCv    | Reached skill level 7 in Staves
  3761 | IceCv    | Reached skill level 7 in Slings
  3761 | IceCv    | Reached skill level 7 in Bows
  3761 | IceCv    | Reached skill level 7 in Crossbows
  3761 | IceCv    | Reached skill level 7 in Throwing
  3761 | IceCv    | Reached skill level 7 in Armour
  3761 | IceCv    | Reached skill level 7 in Stealth
  3761 | IceCv    | Reached skill level 7 in Shields
  3761 | IceCv    | Reached skill level 7 in Evocations
  3929 | IceCv    | Noticed an ice dragon
  3929 | IceCv    | Noticed an ice dragon
  3937 | IceCv    | Killed an ice dragon
  3939 | IceCv    | Killed an ice dragon
  3990 | IceCv    | Got a heavily runed golden ring
  4016 | IceCv    | Identified the ring "Fablis" {+Fly MR+ Str+3} (You found it in an ice cave)
  4131 | Orc:1    | Reached skill level 6 in Conjurations
  4131 | Orc:1    | Reached skill level 6 in Hexes
  4131 | Orc:1    | Reached skill level 6 in Charms
  4131 | Orc:1    | Reached skill level 6 in Summonings
  4131 | Orc:1    | Reached skill level 6 in Necromancy
  4131 | Orc:1    | Reached skill level 6 in Translocations
  4131 | Orc:1    | Reached skill level 6 in Fire Magic
  4131 | Orc:1    | Reached skill level 6 in Ice Magic
  4131 | Orc:1    | Reached skill level 6 in Air Magic
  4131 | Orc:1    | Reached skill level 6 in Earth Magic
  4131 | Orc:1    | Reached skill level 6 in Poison Magic
  4187 | Orc:1    | Reached ****** piety under Cheibriados
  4215 | Orc:2    | Entered Level 2 of the Orcish Mines
  4215 | Orc:2    | Found a staircase to the Elven Halls.
  4227 | Orc:2    | Noticed an orc high priest
  4234 | Orc:2    | Killed an orc high priest
  4234 | Orc:2    | Reached skill level 8 in Invocations
  4239 | Orc:2    | Reached skill level 9 in Spellcasting
  4257 | Orc:2    | Found Ginen's Antique Weapon Shop.
  4277 | Elf:1    | Entered Level 1 of the Elven Halls
  4292 | Orc:2    | Noticed an orc warlord
  4293 | Orc:2    | Noticed an orc high priest
  4305 | Orc:2    | Killed an orc high priest
  4305 | Orc:2    | Reached skill level 8 in Fighting
  4305 | Orc:2    | Reached skill level 10 in Unarmed Combat
  4313 | Orc:2    | Killed an orc warlord
  4313 | Orc:2    | Reached skill level 9 in Dodging
  4328 | Orc:2    | Reached XP level 13. HP: 32/98 MP: 5/26
  4344 | Orc:2    | Found Huun's General Store.
  4389 | Orc:2    | Found Odwin's Antique Armour Emporium.
  4409 | Orc:2    | Paralysed by an orc sorcerer for 5 turns
  4418 | Orc:2    | Bought a potion of resistance for 140 gold pieces
  4419 | Orc:2    | Bought a scroll of remove curse for 42 gold pieces
  4551 | Orc:2    | Found Jigg's Jewellery Shoppe.
  4727 | Orc:2    | Bought the cursed necklace of Bloodlust {*Rage +Rage MR++ Int-3 Slay+6 *Curse} for 899 gold pieces
  4727 | Orc:2    | Found the cursed necklace of Bloodlust {*Rage +Rage MR++ Int-3 Slay+6 *Curse}
  4738 | Orc:2    | Bought a brightly glowing scale mail for 180 gold pieces
  4738 | Orc:2    | Bought a shimmering scale mail for 180 gold pieces
  4751 | Orc:2    | Identified the +0 scale mail of Tomorrow {Regen+ Dex+2} (You bought it in a shop on level 2 of the Orcish Mines)
  4761 | Orc:2    | Identified the +3 scale mail of the Turtle {rF- rC+ Str+2} (You bought it in a shop on level 2 of the Orcish Mines)
  4806 | Elf:1    | Reached skill level 8 in Short Blades
  4806 | Elf:1    | Reached skill level 8 in Long Blades
  4806 | Elf:1    | Reached skill level 8 in Axes
  4806 | Elf:1    | Reached skill level 8 in Maces & Flails
  4806 | Elf:1    | Reached skill level 8 in Polearms
  4806 | Elf:1    | Reached skill level 8 in Staves
  4806 | Elf:1    | Reached skill level 8 in Slings
  4806 | Elf:1    | Reached skill level 8 in Bows
  4806 | Elf:1    | Reached skill level 8 in Crossbows
  4806 | Elf:1    | Reached skill level 8 in Throwing
  4806 | Elf:1    | Reached skill level 8 in Armour
  4806 | Elf:1    | Reached skill level 8 in Stealth
  4806 | Elf:1    | Reached skill level 8 in Shields
  4806 | Elf:1    | Reached skill level 8 in Evocations
  4989 | Elf:1    | Reached skill level 9 in Invocations
  5013 | Elf:1    | Reached skill level 8 in Transmutations
  5045 | Elf:1    | Reached skill level 7 in Conjurations
  5045 | Elf:1    | Reached skill level 7 in Hexes
  5045 | Elf:1    | Reached skill level 7 in Charms
  5045 | Elf:1    | Reached skill level 7 in Summonings
  5045 | Elf:1    | Reached skill level 7 in Necromancy
  5045 | Elf:1    | Reached skill level 7 in Translocations
  5045 | Elf:1    | Reached skill level 7 in Fire Magic
  5045 | Elf:1    | Reached skill level 7 in Ice Magic
  5045 | Elf:1    | Reached skill level 7 in Air Magic
  5045 | Elf:1    | Reached skill level 7 in Earth Magic
  5045 | Elf:1    | Reached skill level 7 in Poison Magic
  5174 | Elf:2    | Reached skill level 9 in Fighting
  5193 | Elf:2    | Reached skill level 10 in Spellcasting
  5280 | Elf:3    | Entered Level 3 of the Elven Halls
  5286 | Elf:3    | Reached XP level 14. HP: 108/108 MP: 22/28
  5308 | Elf:3    | Noticed a deep elf annihilator
  5320 | Elf:3    | Killed a deep elf annihilator
  5321 | Elf:3    | Noticed a deep elf demonologist
  5323 | Elf:3    | Killed a deep elf demonologist
  5331 | Elf:3    | Noticed a deep elf annihilator
  5334 | Elf:3    | Noticed a deep elf sorcerer
  5335 | Elf:3    | Reached skill level 10 in Dodging
  5335 | Elf:3    | Killed a deep elf annihilator
  5337 | Elf:3    | Killed a deep elf sorcerer
  5337 | Elf:3    | Reached skill level 9 in Short Blades
  5337 | Elf:3    | Reached skill level 9 in Long Blades
  5337 | Elf:3    | Reached skill level 9 in Axes
  5337 | Elf:3    | Reached skill level 9 in Maces & Flails
  5337 | Elf:3    | Reached skill level 9 in Polearms
  5337 | Elf:3    | Reached skill level 9 in Staves
  5337 | Elf:3    | Reached skill level 9 in Slings
  5337 | Elf:3    | Reached skill level 9 in Bows
  5337 | Elf:3    | Reached skill level 9 in Crossbows
  5337 | Elf:3    | Reached skill level 9 in Throwing
  5337 | Elf:3    | Reached skill level 9 in Armour
  5337 | Elf:3    | Reached skill level 9 in Stealth
  5337 | Elf:3    | Reached skill level 9 in Shields
  5337 | Elf:3    | Reached skill level 11 in Unarmed Combat
  5337 | Elf:3    | Reached skill level 9 in Evocations
  5343 | Elf:3    | Noticed a deep elf blademaster
  5350 | Elf:3    | Killed a deep elf blademaster
  5507 | Elf:3    | Noticed a deep elf demonologist
  5510 | Elf:3    | Killed a deep elf demonologist
  5531 | Elf:3    | Reached skill level 10 in Invocations
  5537 | Elf:3    | Noticed a deep elf annihilator
  5540 | Elf:3    | Killed a deep elf annihilator
  5547 | Elf:3    | Got a scintillating lead ring
  5558 | Elf:3    | Identified the ring "Wienadut" {rElec MR- Int+3 Dex+3 Stlth+} (You took it off a deep elf mage on level 3 of the Elven Halls)
  5566 | Elf:3    | Got a translucent morningstar {crush}
  5566 | Elf:3    | Got a pitted leather armour
  5576 | Elf:3    | Noticed a deep elf sorcerer
  5585 | Elf:3    | Killed a deep elf sorcerer
  5600 | Elf:3    | Identified the cursed +3 morningstar of Yjouhan {crush, Int+5 Stlth+} (You took it off a deep elf mage on level 3 of the Elven Halls)
  5605 | Elf:3    | Got a shimmering platinum ring
  5613 | Elf:3    | Noticed a deep elf demonologist
  5616 | Elf:3    | Killed a deep elf demonologist
  5650 | Elf:3    | Learned a level 3 spell: Regeneration
  5679 | Elf:3    | Identified the ring "Peusmuif" {rElec rF- Str+2 Int+3} (You found it on level 3 of the Elven Halls)
  5703 | Elf:3    | Got a brightly glowing bronze ring
  5705 | Elf:3    | Identified the ring of the Castellan {Ice SInv} (You found it on level 3 of the Elven Halls)
  5711 | Elf:3    | Noticed a deep elf blademaster
  5722 | Elf:3    | Killed a deep elf blademaster
  5747 | Elf:3    | Noticed a deep elf annihilator
  5757 | Elf:3    | Killed a deep elf annihilator
  5758 | Elf:3    | Noticed a deep elf master archer
  5767 | Elf:3    | HP: 4/109 [deep elf master archer/arrow (14)]
  5768 | Elf:3    | Noticed a deep elf annihilator
  5780 | Elf:3    | Killed a deep elf annihilator
  5816 | Elf:3    | Noticed a deep elf demonologist
  5820 | Elf:3    | Killed a deep elf demonologist
  5837 | Elf:3    | Noticed a deep elf elementalist
  5840 | Elf:3    | Killed a deep elf elementalist
  5846 | Elf:3    | Noticed a deep elf annihilator
  5848 | Elf:3    | Killed from afar by a deep elf annihilator

Vault maps used:
D:1:      eino_arrival_druids_welcome
D:2:      gammafunk_temple_overflow_statue, minmay_joined_circles, uniq_jessica
D:3:      nicolae_overflow_hidden_temple, uniq_sigmund, uniq_terence
D:4:      temple_pool_b, first_ration, hangedman_decor_slide_cut
D:5:      basic_altar, nicolae_ossuary_entry_ruins, kennysheep_generic_room_2
D:6:      kennysheep_little_box, basic_altar, nrook_loot_triangle,
          minmay_misc_feat_rugged, kennysheep_generic_room_9
D:7:      fedhas_altar_decomposition
D:8:      gammafunk_jiyva_shrine, zin_statuary
D:9:      minmay_the_grid_octo_tiled_squarecenter, blue_anna_alchemist,
          nrook_guardian_serpent_double
D:10:     basic_altar, kennysheep_generic_room_15, uniq_maurice
D:11:     hangedman_cross_stitches, erik_lair_island,
          minmay_orc_entry_guard_dogs
Temple:   eino_temple_rhombus
Orc:1:    portal_ice_cave_entry_pillars_1
Orc:2:    grunt_orc_gardens, grunt_orc_garden, grunt_orc_garden,
          grunt_orc_garden, grunt_orc_garden, nicolae_orc_damp_corner
Elf:1:    minmay_elf_arrival_summoners, minmay_elf_necromancy
Elf:2:    serial_shops, shop, nicolae_elf_m_pinch
Elf:3:    grunt_elf_hall_spiral, serial_shops, nicolae_shop_overgrown_old_shop
Ossuary:  ossuary_tomb_3
IceCv:    ice_cave_small_dragons

Skill      XL: |  1  2  3  4  5  6  7  8  9 10 11 12 13 14 |
---------------+-------------------------------------------+-----
Spellcasting   | 5 6 7 8 9 10 | 10.7
Short Blades   | 1 2 3 4 5 6 7 8 9 |  9.5
Long Blades    | 1 2 3 4 5 6 7 8 9 |  9.5
Axes           | 1 2 3 4 5 6 7 8 9 |  9.5
Maces & Flails | 1 2 3 4 5 6 7 8 9 |  9.5
Polearms       | 1 2 3 4 5 6 7 8 9 |  9.5
Staves         | 1 2 3 4 5 6 7 8 9 |  9.5
Slings         | 1 2 3 4 5 6 7 8 9 |  9.5
Bows           | 1 2 3 4 5 6 7 8 9 |  9.5
Crossbows      | 1 2 3 4 5 6 7 8 9 |  9.5
Throwing       | 1 2 3 4 5 6 7 8 9 |  9.5
Armour         | 1 2 3 4 5 6 7 8 9 |  9.5
Stealth        | 1 2 3 4 5 6 7 8 9 |  9.5
Shields        | 1 2 3 4 5 6 7 8 9 |  9.5
Invocations    | 1 2 3 4 5 6 7 8 9 10 | 10.3
Evocations     | 1 2 3 4 5 6 7 8 9 |  9.5
Conjurations   | 1 2 3 4 5 6 7 |  7.9
Hexes          | 1 2 3 4 5 6 7 |  7.9
Charms         | 1 2 3 4 5 6 7 |  7.9
Summonings     | 1 2 3 4 5 6 7 |  7.9
Necromancy     | 1 2 3 4 5 6 7 |  7.9
Translocations | 1 2 3 4 5 6 7 |  7.9
Fire Magic     | 1 2 3 4 5 6 7 |  7.9
Ice Magic      | 1 2 3 4 5 6 7 |  7.9
Air Magic      | 1 2 3 4 5 6 7 |  7.9
Earth Magic    | 1 2 3 4 5 6 7 |  7.9
Poison Magic   | 1 2 3 4 5 6 7 |  7.9
Fighting       | 3 4 5 6 7 8 9 |  9.8
Transmutations | 4 5 6 7 8 |  8.9
Dodging        | 5 6 7 8 9 10 | 10.5
Unarmed Combat | 7 8 9 10 11 | 11.3

Action                   |  1- 3 |  4- 6 |  7- 9 | 10-12 | 13-15 || total
-------------------------+-------+-------+-------+-------+-------++-------
Melee: Unarmed           |    44 |   150 |   160 |   228 |    92 ||   674
       Bite              |     3 |     1 |     6 |    23 |    11 ||    44
       Headbutt          |     2 |     1 |       |       |       ||     3
       Punch             |     1 |     1 |       |    12 |     4 ||    18
       Kick              |     3 |       |     1 |       |       ||     4
       Dagger            |       |     2 |     2 |     7 |     2 ||    13
       Short sword       |       |     3 |    20 |     3 |       ||    26
 Fire: Fustibalus        |       |       |       |   128 |   154 ||   282
Throw: Tomahawk          |       |       |       |     3 |       ||     3
       Stone             |       |       |       |     1 |       ||     1
 Cast: Beastly Appendage |     9 |     4 |     1 |       |       ||    14
       Sticks to Snakes  |     3 |    10 |    17 |    13 |     2 ||    45
       Spider Form       |     1 |    24 |    16 |     3 |       ||    44
       Blade Hands       |       |       |     1 |    25 |    20 ||    46
       Ice Form          |       |       |     1 |     4 |       ||     5
       Olgreb's Toxic Ra |       |       |       |     2 |     2 ||     4
       Regeneration      |       |       |       |       |     2 ||     2
Invok: Slouch            |       |       |       |     8 |     5 ||    13
       Temporal Distorti |       |       |       |       |     6 ||     6
 Abil: End Transformatio |       |       |     3 |    10 |    10 ||    23
Evoke: Wand              |       |       |    13 |    11 |    19 ||    43
       Sack of spiders   |       |       |       |       |     2 ||     2
       Phantom mirror    |       |       |       |       |     1 ||     1
  Use: Potion            |     4 |     1 |     5 |     1 |     8 ||    19
       Scroll            |       |     5 |     8 |    10 |     5 ||    28
 Stab: Sleeping          |     2 |     6 |     4 |     5 |       ||    17
       Distracted        |     1 |     1 |     4 |     2 |       ||     8
       Paralysed         |       |       |     5 |     3 |     2 ||    10
       Invisible         |       |       |       |       |     2 ||     2
  Eat: Chunk             |       |     3 |     3 |     7 |     1 ||    14
       Ration            |       |       |       |     1 |     2 ||     3
Armor: Robe              |     5 |     3 |     3 |    10 |       ||    21
       Skin              |       |     2 |     3 |    26 |       ||    31
       Scale mail        |       |       |       |    23 |    59 ||    82
Dodge: Dodged            |    30 |    92 |   139 |   228 |    95 ||   584

Table legend:
 A = Spawn XP
 B = Non-spawn XP
 C = Spawn XP percentage of total XP
 D = Spawn monster count
 E = Non-spawn monster count
 F = Spawn count percentage of total count
 G = Total turns spent on level
                    A         B        C        D         E        F      G
               +---------+---------+-------+---------+---------+-------+---------
         Total |       0 |   85872 |   0.0 |       0 |     444 |   0.0 |  5848
               +---------+---------+-------+---------+---------+-------+---------
           D:1 |       0 |      25 |   0.0 |       0 |      15 |   0.0 |   253
           D:2 |       0 |     109 |   0.0 |       0 |      33 |   0.0 |   342
           D:3 |       0 |      50 |   0.0 |       0 |      19 |   0.0 |   256
           D:4 |       0 |     234 |   0.0 |       0 |      11 |   0.0 |   224
           D:5 |       0 |     640 |   0.0 |       0 |      19 |   0.0 |   436
           D:6 |       0 |     117 |   0.0 |       0 |       1 |   0.0 |   140
           D:7 |       0 |    1650 |   0.0 |       0 |      30 |   0.0 |   344
           D:8 |       0 |    2695 |   0.0 |       0 |      29 |   0.0 |   317
           D:9 |       0 |    5334 |   0.0 |       0 |      44 |   0.0 |   647
          D:10 |       0 |     290 |   0.0 |       0 |       9 |   0.0 |    49
          D:11 |       0 |    4859 |   0.0 |       0 |      30 |   0.0 |   246
         Orc:1 |       0 |    3884 |   0.0 |       0 |      68 |   0.0 |   331
         Orc:2 |       0 |   11091 |   0.0 |       0 |      41 |   0.0 |   576
         Elf:1 |       0 |   10353 |   0.0 |       0 |      16 |   0.0 |   346
         Elf:2 |       0 |    9928 |   0.0 |       0 |      16 |   0.0 |   251
         Elf:3 |       0 |   29294 |   0.0 |       0 |      27 |   0.0 |   460
       Ossuary |       0 |     174 |   0.0 |       0 |      16 |   0.0 |   180
         IceCv |       0 |    5145 |   0.0 |       0 |      20 |   0.0 |   382
               +---------+---------+-------+---------+---------+-------+---------

Table legend:
 A = Turns spent in this place as a percentage of turns spent in the entire game.
 B = Non-inter-level travel turns spent in this place as a percentage of non-inter-level travel turns spent in the entire game.
 C = Inter-level travel turns spent in this place as a percentage of turns spent in this place.
 D = Turns resting spent in this place as a percentage of non-inter-level travel turns spent in this place.
 E = Turns spent auto-exploring this place as a percentage of non-inter-level travel turns spent in this place.
 F = Non-inter-level travel turns spent in this place divided by the number of levels of this place that you've seen.
                   A       B       C       D       E      F
               +-------+-------+-------+-------+-------+----------------------
         Total | 100.0 | 100.0 |   1.2 |   0.0 |   0.0 | 304.0
       Dungeon |  55.6 |  55.6 |   1.2 |   0.0 |   0.0 | 292.2
        Temple |   1.2 |   1.0 |  16.2 |   0.0 |   0.0 |  57.0
  Orcish Mines |  15.5 |  15.3 |   2.3 |   0.0 |   0.0 | 443.0
   Elven Halls |  18.1 |  18.3 |   0.0 |   0.0 |   0.0 | 352.3
       Ossuary |   3.1 |   3.1 |   0.0 |   0.0 |   0.0 | 180.0
      Ice Cave |   6.5 |   6.6 |   0.0 |   0.0 |   0.0 | 382.0
               +-------+-------+-------+-------+-------+----------------------

Table legend:
 A = Kills in this place as a percentage of kills in entire the game.
 B = Kills by you in this place as a percentage of kills by you in the entire game.
 C = Kills by friends in this place as a percentage of kills by friends in the entire game.
 D = Other kills in this place as a percentage of other kills in the entire game.
 E = Experience gained in this place as a percentage of experience gained in the entire game.
 F = Experience gained in this place divided by the number of levels of this place that you have seen.
                   A       B       C       D       E      F
               +-------+-------+-------+-------+-------+----------------------
         Total | 100.0 | 100.0 | 100.0 | 100.0 | 100.0 | 4519.6
       Dungeon |  54.1 |  54.1 |  50.0 | 100.0 |  18.6 | 1454.8
  Orcish Mines |  24.5 |  25.5 |   0.0 |   0.0 |  17.4 | 7487.5
   Elven Halls |  13.3 |  13.6 |   6.2 |   0.0 |  57.7 | 16525.0
       Ossuary |   3.6 |   2.8 |  25.0 |   0.0 |   0.2 | 174.0
      Ice Cave |   4.5 |   4.0 |  18.8 |   0.0 |   6.0 | 5145.0
               +-------+-------+-------+-------+-------+----------------------

Vault maps used:
D:1:      eino_arrival_druids_welcome
D:2:      gammafunk_temple_overflow_statue, minmay_joined_circles, uniq_jessica
D:3:      nicolae_overflow_hidden_temple, uniq_sigmund, uniq_terence
D:4:      temple_pool_b, first_ration, hangedman_decor_slide_cut
D:5:      basic_altar, nicolae_ossuary_entry_ruins, kennysheep_generic_room_2
D:6:      kennysheep_little_box, basic_altar, nrook_loot_triangle,
          minmay_misc_feat_rugged, kennysheep_generic_room_9
D:7:      fedhas_altar_decomposition
D:8:      gammafunk_jiyva_shrine, zin_statuary
D:9:      minmay_the_grid_octo_tiled_squarecenter, blue_anna_alchemist,
          nrook_guardian_serpent_double
D:10:     basic_altar, kennysheep_generic_room_15, uniq_maurice
D:11:     hangedman_cross_stitches, erik_lair_island,
          minmay_orc_entry_guard_dogs
Temple:   eino_temple_rhombus
Orc:1:    portal_ice_cave_entry_pillars_1
Orc:2:    grunt_orc_gardens, grunt_orc_garden, grunt_orc_garden,
          grunt_orc_garden, grunt_orc_garden, nicolae_orc_damp_corner
Elf:1:    minmay_elf_arrival_summoners, minmay_elf_necromancy
Elf:2:    serial_shops, shop, nicolae_elf_m_pinch
Elf:3:    grunt_elf_hall_spiral, serial_shops, nicolae_shop_overgrown_old_shop
Ossuary:  ossuary_tomb_3
IceCv:    ice_cave_small_dragons
